 Dungeon Crawl Stone Soup version 0.29.1-1-gd02db6906a (webtiles) character file.

Game seed: 10787206778038932384

9079 Aibolit the Cleaver (level 11, 0/102 HPs)
             Began as a Hill Orc Fighter on Oct 5, 2022.
             Was a Priest of the Shining One.
             Killed from afar by an orc wizard (1 damage)
             ... with a puff of flame
             ... on level 1 of the Orcish Mines.
             The game lasted 00:21:33 (14700 turns).

Aibolit the Cleaver (Hill Orc Fighter)             Turns: 14700, Time: 00:21:33

Health: 0/102      AC: 22    Str: 23 (24) XL:     11   Next: 40%
Magic:  11/11      EV:  9    Int:  5 (8)  God:    the Shining One [***...]
Gold:   168        SH:  6    Dex: 10 (12) Spells: 10/10 levels left

rFire   + . .      SeeInvis .   a - +2 war axe (flame)
rCold   . . .      Faith    .   c - +0 buckler
rNeg    + . .      Spirit   .   F - +10 scale mail "Kuneomn" {rElec Dex+2}
rPois   .          Reflect  .   o - +1 helmet
rElec   +          Harm     +   n - scarf {harm}
rCorr   .          Rampage  .   (no gloves)
Will    .....                   g - +0 pair of boots
Stlth   ..........              H - amulet of the acrobat
HPRegen 0.27/turn               f - +4 ring of slaying
MPRegen 0.12/turn               b - ring of protection from fire

@: glowing
A: no striking features
a: Renounce Religion, Divine Shield, Cleansing Flame


You were on level 1 of the Orcish Mines.
You worshipped the Shining One.
The Shining One was most pleased with you.
You visited 2 branches of the dungeon, and saw 11 of its levels.

You collected 620 gold pieces.
You spent 452 gold pieces at shops.

Inventory:

Hand Weapons
 a - a +2 war axe of flaming (weapon)
 B - the +7 dagger of Divine Tortfeasance {freeze, rPois rCorr Stlth+}
   (You found it on level 9 of the Dungeon)

   It freezes those it strikes, dealing additional cold damage.
   It can also slow down cold-blooded creatures.
   rPois:     It protects you from poison.
   rCorr:     It protects you from acid and corrosion.
   Stlth:     It makes you more stealthy.
Missiles
 I - 5 throwing nets (quivered)
Armour
 c - a +0 buckler (worn)
 g - a +0 pair of boots (worn)
 n - a scarf of harm (worn)
 o - a +1 helmet (worn)
 F - the +10 scale mail "Kuneomn" (worn) {rElec Dex+2}
   (You found it on level 8 of the Dungeon)

   Dex:       It affects your dexterity (+2).
   rElec:     It insulates you from electricity.
Jewellery
 b - a ring of protection from fire (right hand)
 f - a +4 ring of slaying (left hand)
 H - an amulet of the acrobat (around neck)
Wands
 A - a wand of mindburst (10)
Scrolls
 e - 4 scrolls of teleportation
 h - 2 scrolls of vulnerability
 i - a scroll of noise
 k - a scroll of fear
 p - 2 scrolls of silence
 r - 3 scrolls of amnesia
 x - 3 scrolls of poison
 y - a scroll of immolation
 C - a scroll of blinking
 D - a scroll of fog
Potions
 d - 2 potions of attraction
 j - a potion of degeneration
 l - a potion of heal wounds
 m - 3 potions of curing
 q - a potion of cancellation
 u - a potion of invisibility
 w - a potion of berserk rage
 z - a potion of haste
 G - a potion of lignification
Miscellaneous
 J - a condenser vane


   Skills:
 + Level 11.1 Fighting
 + Level 11.7 Axes
 + Level 10.1 Armour
 + Level 10.2 Shields


You had 10 spell levels left.
You didn't know any spells.
Your spell library contained the following spells:

 Spells                   Type           Power      Damage    Failure   Level
 Apportation              Tloc           0%         N/A       80%         1
 Foxfire                  Conj/Fire      0%         2x1d4     80%         1
 Necrotise                Necr           0%         1d4       80%         1
 Summon Small Mammal      Summ           0%         N/A       80%         1
 Blink                    Tloc           0%         N/A       91%         2
 Call Canine Familiar     Summ           0%         N/A       99%         3
 Conjure Flame            Conj/Fire      0%         6-21      99%         3
 Gell's Gravitas          Tloc           0%         N/A       99%         3
 Inner Flame              Hex/Fire       0%         N/A       99%         3
 Summon Guardian Golem    Hex/Summ       0%         N/A       99%         3
 Animate Dead             Necr           0%         N/A       100%        4
 Flame Wave               Conj/Fire      0%         2d4       100%        4
 Borgnjor's Vile Clutch   Necr/Erth      0%         N/A       100%        5
 Iskenderun's Battlesphe  Conj           0%         2d6       100%        5
 Death Channel            Necr           0%         N/A       100%        6
 Iron Shot                Conj/Erth      0%         9d1       100%        6
 Malign Gateway           Summ/Tloc      0%         N/A       100%        7
 Spellforged Servitor     Conj/Summ      0%         N/A       100%        7


Dungeon Overview and Level Annotations

Branches:
Dungeon (10/15)            Temple (0/1) D:7             Orc (1/2) D:9
   Lair: D:8-11

Altars:
Ashenzari
Dithmenos
Gozag
Hepliaklqana
Kikubaaqudgha
Qazlal
Ru
Sif Muna
Trog
Wu Jian
Xom
Yredelemnul
The Shining One

Shops:
D:3 [   D:5 =   D:8 ?!(


Message History

The ogre hits you with a +0 giant club!
The orc wizard shouts!
You slash the ogre! You burn the ogre.
The ogre is severely wounded.
You slash the orc! You burn the orc.
You kill the orc!
You hear a howl!
An orc comes into view. It is wielding a +0 mace.
An orc wizard comes into view. It is wielding a +0 dagger.
You slice the ogre!! You burn the ogre.
You kill the ogre!
The ettin attacks as you move away!
The ettin hits you with a +0 dire flail!!
The ettin hits you with a +0 dire flail.
The orc misses you. The orc closely misses you.
The orc wizard points at you and mumbles some strange words.
You easily resist.
You see here a +0 giant club.
You slash the ettin! You burn the ettin.
The ettin is moderately wounded.
You slash the orc! You burn the orc.
You kill the orc!
You barely miss the orc. You slice the ettin!! You burn the ettin!
The ettin is almost dead.
You slash the orc! You burn the orc.
You kill the orc!
The ettin hits you with a +0 dire flail! x2
The orc wizard casts a spell at you.
The magic dart hits you but does no damage.
The orc wizard points at you and mumbles some strange words.
The magic dart hits you but does no damage.
You hit the ettin. You burn the ettin.
The ettin is almost dead.
The ettin hits you with a +0 dire flail!!
* * * LOW HITPOINT WARNING * * *
The ettin misses you. The orc wizard casts a spell at you.
The puff of flame hits you. You resist.
You die...

..... ....#
## $...#
##.###..o.#
#.....o.o.#
###.........
#.....)o# .
##...)@.# .#
#....C### ...
#.......##
....
###......#
...#
#......#....#
###...<....#
##......##
###...##
#....#


You could see an ettin, 3 orc wizards and an orc.

Vanquished Creatures
  Harold (D:9)
  A two-headed ogre (D:9)
  2 centaur warriors (D:9)
  Pikel (D:6)
  A manticore (D:9)
  A komodo dragon (D:8)
  A troll (D:9)
  A hornet (D:10)
  Prince Ribbit (D:7)
  A vampire (D:9)
  3 yaks (D:9)
  4 steam dragons
  Menkaure (D:7)
  7 orc warriors
  3 ice beasts (D:7)
  2 black bears (D:5)
  4 ogres
  A centaur (D:8)
  4 lemures (D:6)
  3 bullfrogs
  2 gnoll sergeants
  2 necrophages
  3 scorpions
  4 wights (D:9)
  4 electric eels
  A howler monkey (D:5)
  A gnoll bouda (D:5)
  8 orc priests
  2 jellies
  2 hounds (D:4)
  5 iguanas
  Natasha (thrice) (D:4)
  11 orc wizards
  9 gnolls
  8 adders
  6 river rats (D:4)
  A shadow imp (D:6)
  2 white imps (D:7)
  2 ufetubi
  A worm (D:3)
  2 dart slugs
  51 orcs
  5 ball pythons
  7 endoplasms
  2 giant cockroaches
  6 hobgoblins
  7 jackals
  5 kobolds
  3 quokkas
  8 bats
  5 frilled lizards
  3 goblins
  7 rats
231 creatures vanquished.

Vanquished Creatures (others)
  6 plants (D:3)
6 creatures vanquished.

Grand Total: 237 creatures vanquished

Notes
Turn   | Place    | Note
-------+----------+-------------------------------------------
     0 | D:1      | Aibolit the Hill Orc Fighter began the quest for the Orb.
     0 | D:1      | Reached XP level 1. HP: 19/19 MP: 1/1
   157 | D:1      | Reached XP level 2. HP: 24/27 MP: 2/2
   376 | D:1      | Found a faded altar of an unknown god.
   979 | D:2      | Reached XP level 3. HP: 33/33 MP: 3/3
  1394 | D:2      | Found a broken altar of Ashenzari.
  1892 | D:2      | Became a worshipper of Ashenzari the Shackled
  2131 | D:3      | Found a basalt altar of Yredelemnul.
  2174 | D:3      | Found a stormy altar of Qazlal.
  2176 | D:3      | Reached XP level 4. HP: 29/40 MP: 4/4
  2570 | D:3      | Noticed an air elemental
  2572 | D:3      | Noticed a fire elemental
  2572 | D:3      | Noticed a water elemental
  2572 | D:3      | Noticed an earth elemental
  3149 | D:3      | Found Feehih's Armour Emporium.
  3154 | D:3      | Reached XP level 5. HP: 37/47 MP: 5/5
  3211 | D:3      | Bought a +1 helmet for 126 gold pieces
  3386 | D:3      | Found a glowing golden altar of the Shining One.
  3435 | D:3      | Fell from the grace of Ashenzari
  3435 | D:3      | Became a worshipper of the Shining One
  3859 | D:4      | Noticed Natasha
  3863 | D:4      | Killed Natasha
  4008 | D:4      | Noticed Natasha
  4015 | D:4      | Killed Natasha
  4180 | D:4      | Reached skill level 5 in Fighting
  4180 | D:4      | Reached XP level 6. HP: 53/56 MP: 6/6
  4211 | D:4      | Found a sacrificial altar of Ru.
  4643 | D:4      | Reached skill level 5 in Axes
  4758 | D:4      | Noticed Natasha
  4764 | D:4      | Killed Natasha
  4765 | D:4      | Was forgiven by Ashenzari
  4795 | D:5      | Entered Level 5 of the Dungeon
  4854 | D:5      | Reached skill level 5 in Shields
  4858 | D:5      | Reached skill level 5 in Armour
  4858 | D:5      | Reached XP level 7. HP: 62/62 MP: 7/7
  4941 | D:5      | Reached * piety under the Shining One
  5179 | D:5      | Reached XP level 8. HP: 40/70 MP: 8/8
  5665 | D:5      | Found an ancient bone altar of Kikubaaqudgha.
  5735 | D:5      | Found Qonaph's Jewellery Shop.
  5897 | D:5      | Found an ornate altar of the Wu Jian Council.
  6727 | D:6      | Noticed Pikel
  6765 | D:6      | Found a hazy altar of Hepliaklqana.
  8013 | D:6      | Killed Pikel
  8014 | D:6      | Reached XP level 9. HP: 52/80 MP: 9/9
  8365 | D:6      | Found a shadowy altar of Dithmenos.
  9022 | D:7      | Found a staircase to the Ecumenical Temple.
  9035 | D:7      | Noticed Menkaure
  9040 | D:7      | Killed Menkaure
  9372 | D:7      | Noticed Prince Ribbit
  9372 | D:7      | Reached ** piety under the Shining One
  9375 | D:7      | Killed Prince Ribbit
 10047 | D:8      | Reached XP level 10. HP: 73/91 MP: 10/10
 10252 | D:8      | Found a shimmering altar of Xom.
 10762 | D:8      | Found an opulent altar of Gozag.
 10918 | D:8      | Found Juitiu's Magic Scroll Boutique.
 10919 | D:8      | Found Atim's Distillery.
 10923 | D:8      | Bought a scroll of enchant weapon for 75 gold pieces
 10923 | D:8      | Bought a scroll of blinking for 75 gold pieces
 10923 | D:8      | Bought a scroll of identify for 20 gold pieces
 11259 | D:8      | Bought 2 potions of curing for 72 gold pieces
 11259 | D:8      | Bought a potion of might for 48 gold pieces
 11259 | D:8      | Bought a potion of curing for 36 gold pieces
 11310 | D:8      | Identified the +10 scale mail "Kuneomn" {rElec Dex+2}
 11618 | D:8      | Found Ojesigon's Firing Range.
 11900 | D:9      | Noticed a manticore
 11903 | D:9      | Reached skill level 10 in Axes
 11911 | D:9      | Killed a manticore
 12362 | D:9      | Reached skill level 10 in Fighting
 12464 | D:9      | Found a staircase to the Orcish Mines.
 12596 | D:9      | Noticed a centaur warrior
 12613 | D:9      | Noticed a centaur warrior
 12664 | D:10     | Entered Level 10 of the Dungeon
 12665 | D:10     | Paralysed by a hornet for 2 turns
 12944 | D:9      | Killed a centaur warrior
 12948 | D:9      | Killed a centaur warrior
 12949 | D:9      | Reached XP level 11. HP: 41/101 MP: 11/11
 13396 | D:9      | Got the Dissertation on Direction
 13496 | D:9      | Reached *** piety under the Shining One
 13526 | D:9      | Found a bloodstained altar of Trog.
 13545 | D:9      | Identified the +7 dagger of Divine Tortfeasance {freeze,
                  | rPois rCorr Stlth+}
 13658 | D:9      | Reached skill level 10 in Shields
 13805 | D:9      | Noticed a two-headed ogre
 13810 | D:9      | Killed a two-headed ogre
 13811 | D:9      | Reached skill level 10 in Armour
 13962 | D:9      | Noticed Harold
 13970 | D:9      | Killed Harold
 14100 | D:9      | Found a shimmering blue altar of Sif Muna.
 14678 | Orc:1    | Entered Level 1 of the Orcish Mines
 14693 | Orc:1    | Noticed an ettin
 14700 | Orc:1    | HP: 1/102 [ettin/+0 dire flail (31)]
 14700 | Orc:1    | Killed from afar by an orc wizard

Illustrated notes

Levels and vault maps discovered:
D:1:      minmay_arrival_radiant_lines, layout_loops_ring,
          ebering_ecumenical_altar_webs
D:2:      cheibrodos_old_hovel, layout_basic, basic_altar
D:3:      layout_loops_corners, mainiacjoe_overflow_alcove_1,
          nicolae_qazlal_style_of_elements,
          mainiacjoe_overflow_concentric_impassable, serial_shops, shop,
          minmay_misc_feat_chi, guppyfry_early_lair_pool
D:4:      layout_basic, nicolae_ru_sacrificial_ziggurat,
          lightli_sewer_entry_pipes, uniq_natasha
D:5:      layout_basic, kiku_gazebo_pond_becter, nicolae_wu_jian_glorious_leap,
          serial_shops, nicolae_shop_window_shopping,
          chequers_serial_rivers_micro_b, hangedman_decor_diamond_cutter
D:6:      layout_basic, mainiacjoe_overflow_small_starburst,
          nzn_hepliaklqana_mist_gate, uniq_pikel
D:7:      layout_basic, minmay_temple_entry_overgrown, uniq_menkaure,
          uniq_prince_ribbit1
D:8:      layout_basic, grunt_gozag_breadcrumbs, xom_teletrap_fun,
          minmay_misc_feat_enclosed, eino_tiny_chamber,
          nicolae_wooded_promenade, nicolae_shop_firing_range
D:9:      layout_irregular_city, kennysheep_little_box, bloody_trog, erik_orc_2,
          minmay_fountain_box, dk_noncrumbling_3,
          minmay_mirror_moons_of_madness, uniq_harold
D:10:     layout_basic, fedhas_altar_2, mainiacjoe_overflow_catwalk,
          grunt_lair_entry_orc_guard_hut
Orc:1:    layout_diamond_mine

Skill      XL: |  1  2  3  4  5  6  7  8  9 10 11 |
---------------+----------------------------------+-----
Axes           | 3 4 5 6 7 9 11 | 11.7
Fighting       | 4 5 6 7 9 10 11 | 11.1
Armour         | 4 5 7 8 9 10 | 10.1
Shields        | 4 5 7 8 9 10 | 10.2

Action                   |  1- 3 |  4- 6 |  7- 9 | 10-12 || total
-------------------------+-------+-------+-------+-------++-------
Melee: War axe           |   113 |   138 |   170 |   134 ||   555
Throw: Throwing net      |       |       |     1 |       ||     1
Evoke: Wand              |       |       |     4 |       ||     4
  Use: Scroll            |     2 |     5 |     6 |     8 ||    21
       Potion            |     1 |       |     3 |    11 ||    15
Armor: Scale mail        |    59 |    57 |    53 |    85 ||   254
Dodge: Dodged            |    61 |    71 |    75 |    64 ||   271
Block: Buckler           |    27 |    30 |    43 |    34 ||   134
